 Dungeon Crawl Stone Soup version 0.27-a0-1245-g940ed4fa31 (webtiles) character file.

Game seed: 17497720522381765246

7732 wakim the Martial Artist (level 11, -7/63 HPs)
             Began as an Octopode Transmuter on June 9, 2021.
             Was an Initiate of Gozag.
             Mangled by a blink frog (14 damage)
             ... led by Prince Ribbit
             ... on level 8 of the Dungeon.
             The game lasted 00:41:25 (16299 turns).

wakim the Martial Artist (Octopode Transmuter)     Turns: 16299, Time: 00:41:25

Health: -7/63      AC:  2    Str:  9    XL:     11   Next: 19%
Magic:  22/22      EV: 36    Int: 25    God:    Gozag
Gold:   1059       SH:  0    Dex: 22    Spells: 7/15 levels left

rFire    . . .     SeeInvis .     - Unarmed
rCold    . . .     Faith    .   (shield currently unavailable)
rNeg     . . .     Spirit   .   (helmet currently unavailable)
rPois    x         Reflect  .   t - amulet of the acrobat
rElec    .         Harm     .   m - +4 ring of evasion
rCorr    +         Rampage  .   g - +4 ring of evasion
Will     .....                  h - ring of flight
Stlth    ++........             q - ring "Ceolic" {rCorr Dex+4}
HPRegen  0.20/turn              l - ring of wizardry
MPRegen  0.18/turn              d - ring of Curiosity {MP+9 Int+6 Stlth-}
                                (no ring)
                                (no ring)

@: spider-form (expiring), gold aura, flying
A: venomous fangs, almost no armour, (amphibious), 8 rings, tiny, (camouflage
1), (gelatinous body 1), (nimble swimmer 1), (tentacles), frail 1, low mp 1
a: End Transformation, Renounce Religion, Potion Petition, Call Merchant, Bribe
Branch


You were on level 8 of the Dungeon.
You worshipped Gozag.
Gozag was most pleased with you.
You were a venomous arachnid creature.
You visited 3 branches of the dungeon, and saw 12 of its levels.
You also visited: Sewer and Ossuary.

You collected 2103 gold pieces.
You spent 567 gold pieces at shops.
You paid 477 gold pieces to Gozag.

Inventory:

Missiles
 b - a throwing net {=f!f}
 e - 39 poisoned darts (quivered)
 p - 2 curare-tipped darts {=f}
Armour
 c - a +1 kite shield
 n - a +0 buckler (melded)
Jewellery
 a - a ring of ice
 d - the ring of Curiosity (on tentacle) {MP+9 Int+6 Stlth-}
   (You found it on level 10 of the Dungeon)

   [ring of magical power]

   It affects your intelligence (+6).
   It affects your magic capacity (+9).
   It makes you less stealthy.
 g - a +4 ring of evasion (right front leg)
 h - a ring of flight (on tentacle)
 l - a ring of wizardry (on tentacle)
 m - a +4 ring of evasion (left front leg)
 q - the ring "Ceolic" (on tentacle) {rCorr Dex+4}
   (You found it on level 7 of the Dungeon)

   [ring of resist corrosion]

   It affects your dexterity (+4).
   It protects you from acid and corrosion.
 t - an amulet of the acrobat (around neck)
Wands
 u - a wand of mindburst (24)
 v - a wand of flame (16)
 x - a wand of iceblast (19)
 y - a wand of paralysis (6)
Scrolls
 i - 4 scrolls of enchant armour
 R - 2 scrolls of magic mapping {!r}
 T - 3 scrolls of teleportation
 U - a scroll of fear
 X - 2 scrolls of fog
 Y - 2 scrolls of blinking {!r}
Potions
 f - a potion of berserk rage {!q}
 B - 2 potions of attraction {!q}
 D - a potion of brilliance
 E - a potion of cancellation
 F - 4 potions of curing
 H - 3 potions of haste
 J - a potion of heal wounds
 L - 4 potions of lignification {!q}
 M - 3 potions of mutation {!q}
 N - a potion of might
 O - 2 potions of resistance


   Skills:
 - Level 4.8 Fighting
 * Level 9.0 Dodging
 - Level 4.0 Stealth
 - Level 4.0 Shields
 + Level 10.4 Unarmed Combat
 + Level 2.8 Spellcasting
 - Level 8.0 Transmutations


You had 7 spell levels left.
You knew the following spells:

 Your Spells              Type           Power      Damage    Failure   Level
a - Beastly Appendage     Tmut           86%        N/A       1%          1
c - Ice Form              Ice/Tmut       23%        N/A       17%         4
x - Spider Form           Tmut/Pois      11%        N/A       7%          3

Your spell library contained the following spells:

 Spells                   Type           Power      Damage    Failure   Level
 Wereblood                Tmut           43%        N/A       1%          2
 Magic Dart               Conj           12%        1d3       11%         1
 Searing Ray              Conj           6%         3d3       14%         2
 Dazzling Flash           Conj/Hex       6%         N/A       24%         3
 Yara's Violent Unravell  Hex/Tmut       11%        3d6       38%         5
 Cause Fear               Hex            1%         N/A       54%         4
 Fulminant Prism          Conj/Hex       1%         3d6       54%         4
 Iskenderun's Mystic Bla  Conj/Tloc      3%         2d3       54%         4
 Silence                  Hex/Air        1%         N/A       83%         5
 Discord                  Hex            1%         N/A       100%        8


Dungeon Overview and Level Annotations

Branches:
Dungeon (10/15)            Temple (1/1) D:4            Lair (1/6) D:8
  Sewer (visited)         Ossuary (visited)
    Orc: D:9-12

Altars:
Ashenzari
Cheibriados
Dithmenos
Elyvilon
Fedhas
Gozag
Hepliaklqana
Kikubaaqudgha
Makhleb
Okawaru
Qazlal
Ru
Trog
Uskayaw
Vehumet
Wu Jian
Xom
Yredelemnul
Zin

Shops:
D:4 !   D:5 (   D:8 (   D:10 *


Innate Abilities, Weirdness & Mutations

You are a venomous arachnid creature.
You have poisonous fangs.
You are tiny and dextrous.
Your spellcasting is less reliable in this form.
Your armour is entirely melded.
You are incapable of wielding weapons or throwing items.
You cannot wear most types of armour.
((You are amphibious.))
You can wear up to eight rings at the same time.
((Your skin changes colour to match your surroundings (Stealth+).))
((Your rubbery body absorbs attacks. (AC +1, EV +1)))
((You are camouflaged near water. (Stealth+)))
((You have tentacles for arms and can constrict up to eight enemies at once.))
You are frail. (-10% HP)
Your magical capacity is low. (-10% MP)


Message History

The wolf is no longer distracted by gold.
The blink frog completely misses you.
You barely miss the blink frog.
The blink frog is lightly wounded.
You kill the wolf!
The blink frog blinks!
The blink frog blinks!
You bite the blink frog!
The blink frog is poisoned.
The blink frog is heavily wounded.
The blink frog completely misses you.
You barely miss the blink frog.
The blink frog is moderately wounded.
The blink frog completely misses you. The blink frog misses you.
You hit the blink frog.
The blink frog is heavily wounded.
The blink frog completely misses you. x2
You bite the blink frog!
The blink frog looks as sick as possible!
The blink frog is severely wounded.
Your transformation is almost over.
The blink frog completely misses you.
The blink frog is distracted by your dazzling golden aura.
The blink frog completely misses you.
The blink frog croaks.
You hit the blink frog.
The blink frog looks as sick as possible!
The blink frog is almost dead.
The blink frog hits you!
* * * LOW HITPOINT WARNING * * *
You kill the blink frog!
The blink frog is no longer distracted by gold.
Your Dodging skill increases to level 9!
You hit the blink frog.
The blink frog is severely wounded.
The blink frog closely misses you.
You barely miss the blink frog.
The blink frog is severely wounded.
The blink frog hits you!
You die...
Your body crumbles into a pile of gold.

#...................#
#.#.#...........##.###
#######..............#
..#####..............# ###
...##....?......).##.# #.##
........#.....$.###..#####..#
........#............##.....#
..#..##........F............#
###..##.........s...........###
##.................##.......#
###................#..........#
#.......>[...................####
..............................##.
..........................###....
..........................# #....
.........>##...........(..###....
.##.##..#.#......................


You could see a blink frog (poisoned).

Vanquished Creatures
  2 kobold demonologists (D:10)
  3 trolls
  Prince Ribbit (D:8)
  A blink frog (D:8)
  7 yaks
  3 wyverns
  2 steam dragons
  A water moccasin (D:7)
  2 sky beasts
  An ice beast (D:7)
  3 orc warriors
  6 necrophages
  4 wolves (D:8)
  3 centaurs
  2 ogres (D:6)
  3 kobold brigands
  Blork the orc (D:6)
  3 bullfrogs
  A gnoll sergeant (D:8)
  2 wyvern skeletons (D:7)
  7 wights
  3 howler monkeys
  2 bullfrog zombies
  4 centaur zombies
  2 jellies
  A centaur skeleton (D:7)
  2 human zombies (Ossuary)
  A gnoll shaman (D:5)
  7 orc priests
  2 iguanas
  12 orc wizards
  2 merfolk sirens (Sewer)
  A merfolk avatar (Sewer)
  2 hound zombies (Ossuary)
  A hound skeleton (D:5)
  3 mummies (Ossuary)
  A howler monkey zombie (D:5)
  Robin (D:2)
  20 gnolls
  11 adders
  2 river rats (Sewer)
  A shadow imp (D:7)
  3 adder zombies (Ossuary)
  An adder skeleton (D:4)
  A worm (D:3)
  A dart slug (D:3)
  29 orcs
  6 ball pythons
  5 bats
  10 endoplasms
  6 giant cockroaches
  3 gnoll zombies (Ossuary)
  16 goblins
  11 hobgoblins
  6 jackals (D:1)
  7 quokkas
  7 frilled lizards
  3 goblin zombies (Ossuary)
  3 hobgoblin zombies (Ossuary)
  3 jackal zombies (Ossuary)
  15 kobolds
  4 kobold zombies (Ossuary)
  7 quokka zombies (Ossuary)
  29 rats
  4 rat zombies (Ossuary)
319 creatures vanquished.

Vanquished Creatures (others)
  3 plants (Lair:1)
3 creatures vanquished.

Grand Total: 322 creatures vanquished

Notes
Turn   | Place    | Note
-------+----------+-------------------------------------------
     0 | D:1      | wakim the Octopode Transmuter began the quest for the Orb.
     0 | D:1      | Reached XP level 1. HP: 13/13 MP: 3/3
    22 | D:1      | Reached skill level 1 in Stealth
    65 | D:1      | Reached XP level 2. HP: 13/18 MP: 3/5
   771 | D:1      | Reached XP level 3. HP: 23/23 MP: 4/6
   805 | D:1      | Learned a level 3 spell: Spider Form
   863 | D:1      | Found a faded altar of an unknown god.
  1541 | D:2      | Noticed Robin
  1779 | D:2      | Killed Robin
  1780 | D:2      | Reached XP level 4. HP: 11/28 MP: 1/7
  2915 | D:3      | Reached XP level 5. HP: 33/33 MP: 6/8
  4058 | D:3      | Noticed a necrophage
  4083 | D:3      | Reached XP level 6. HP: 38/38 MP: 6/9
  4125 | D:3      | Reached skill level 4 in Unarmed Combat
  4634 | D:3      | Learned a level 4 spell: Ice Form
  5298 | D:4      | Found a staircase to the Ecumenical Temple.
  5307 | Temple   | Entered the Ecumenical Temple
  5342 | Temple   | Became a worshipper of Gozag Ym Sagoz the Greedy
  5569 | D:4      | Found a snail-covered altar of Cheibriados.
  5575 | D:4      | Noticed a steam dragon
  5589 | D:4      | Killed a steam dragon
  5590 | D:4      | Reached skill level 5 in Dodging
  5590 | D:4      | Reached XP level 7. HP: 8/43 MP: 7/10
  6052 | D:4      | Found Aziythe's Distillery.
  6674 | D:5      | Entered Level 5 of the Dungeon
  6704 | D:5      | Reached skill level 5 in Transmutations
  6704 | D:5      | Reached XP level 8. HP: 39/48 MP: 11/11
  6717 | D:5      | Found a sand-covered staircase.
  6728 | Ossuary  | Entered an ossuary
  7006 | Ossuary  | Reached skill level 5 in Unarmed Combat
  7435 | Ossuary  | Gained mutation: You are frail. (-10% HP) [mutagenic glow]
  7447 | Ossuary  | Gained mutation: Your magical capacity is low. (-10% MP)
                  | [mutagenic glow]
  8329 | D:5      | Identified the +9 hand axe "Wabojoe Xeor" {vamp, Str+4
                  | Dex+3}
  8633 | D:5      | Found Saetyl's Weapon Shoppe.
  8812 | D:5      | Reached skill level 6 in Unarmed Combat
  9015 | D:6      | Noticed a wyvern
  9128 | D:6      | Reached skill level 7 in Unarmed Combat
  9382 | D:6      | Reached XP level 9. HP: 48/48 MP: 10/10
  9417 | D:6      | Found a glowing drain.
  9525 | Sewer    | Entered a sewer
 10433 | D:6      | Noticed Blork the orc
 10463 | D:6      | Killed Blork the orc
 10867 | D:7      | Reached skill level 8 in Unarmed Combat
 10871 | D:7      | Noticed a troll
 10894 | D:6      | Killed a troll
 11092 | D:6      | Found a sacrificial altar of Ru.
 11297 | D:7      | HP: 2/51 [kobold brigand/+0 short sword (8)]
 11628 | D:7      | Identified the ring "Ceolic" {rCorr Dex+4}
 11855 | D:7      | Reached XP level 10. HP: 56/56 MP: 11/11
 12091 | D:7      | Reached skill level 9 in Unarmed Combat
 13361 | D:8      | Found Zeuwn's Antique Weapon Boutique.
 13373 | D:8      | Found a staircase to the Lair.
 14177 | D:9      | Found a shimmering altar of Xom.
 14178 | D:9      | Found a stormy altar of Qazlal.
 14178 | D:9      | Found a burning altar of Makhleb.
 14179 | D:9      | Found a shadowy altar of Dithmenos.
 14199 | D:9      | Reached skill level 1 in Shields
 14703 | D:10     | Entered Level 10 of the Dungeon
 14712 | D:10     | Identified the ring of Curiosity {MP+9 Int+6 Stlth-}
 14909 | D:10     | Noticed a kobold demonologist
 14914 | D:10     | Noticed a kobold demonologist
 14925 | D:10     | Noticed a smoke demon
 14926 | D:10     | Killed a kobold demonologist
 14931 | D:10     | Noticed a rust devil
 14934 | D:10     | Killed a kobold demonologist
 14935 | D:10     | Reached skill level 10 in Unarmed Combat
 15098 | D:4      | Bought a potion of curing for 33 gold pieces
 15098 | D:4      | Bought a potion of curing for 33 gold pieces
 15098 | D:4      | Bought 2 potions of haste for 220 gold pieces
 15098 | D:4      | Bought a potion of heal wounds for 55 gold pieces
 15098 | D:4      | Bought a potion of cancellation for 88 gold pieces
 15098 | D:4      | Bought a potion of curing for 33 gold pieces
 15264 | D:10     | Bought a scroll labelled INGAYW GUSACH for 35 gold pieces
 15264 | D:10     | Bought a scroll of identify for 70 gold pieces
 15347 | D:10     | Reached XP level 11. HP: 63/63 MP: 12/12
 16161 | Lair:1   | Entered Level 1 of the Lair of Beasts
 16161 | Lair:1   | Noticed Prince Ribbit
 16192 | D:8      | Killed Prince Ribbit
 16252 | Lair:1   | Noticed an eight-headed hydra
 16299 | D:8      | Mangled by a blink frog

Illustrated notes

Levels and vault maps discovered:
D:1:      minmay_arrival_checkered_box, layout_basic,
          hellmonk_ecumenical_altar_leap_of_faith
D:2:      layout_loops_ring, chequers_serial_rivers_micro_d, hex_tiny,
          uniq_robin
D:3:      cheibrodos_helix_gallery, layout_basic
D:4:      layout_loops_ring, lemuel_crystal_altar, minmay_temple_entry_wispy,
          serial_shops, shop
D:5:      layout_rooms, serial_shops, shop, nicolae_ossuary_entry_plus,
          kennysheep_windowed_goal
D:6:      layout_rooms, kennysheep_mini_moat, gup_sewer_entry_glass,
          uniq_blork_the_orc
D:7:      layout_basic, dk_noncrumbling_3, st_stairs_11,
          mrwooster_statue_mirror, grunt_ministairs_7
D:8:      layout_cave_pools, lair_entry_dummy, serial_shops, shop,
          feat_on_display
D:9:      layout_rooms, chequers_temple_overflow_statue_of_worship,
          dk_vineyard_3
D:10:     layout_irregular_city
Temple:   nicolae_temple_elliptical
Lair:1:   layout_misc_corridors, ebering_ghost_rock_garden, pond,
          uniq_prince_ribbit2, uniq_fannar

Skill      XL: |  1  2  3  4  5  6  7  8  9 10 11 |
---------------+----------------------------------+-----
Stealth        | 1 2 3 4 |  4.0
Dodging        | 3 4 5 6 8 9 |  9.0
Unarmed Combat | 4 7 8 10 | 10.4
Transmutations | 4 5 6 8 |  8.0
Fighting       | 3 4 |  4.8
Shields        | 4 |  4.0
Spellcasting   | |  2.8

Action                   |  1- 3 |  4- 6 |  7- 9 | 10-12 || total
-------------------------+-------+-------+-------+-------++-------
Melee: Unarmed           |    88 |   167 |   508 |   271 ||  1034
       Constrict         |    24 |    31 |    65 |     6 ||   126
       Kick              |    12 |     4 |     9 |       ||    25
       Tentacles         |    12 |    17 |    57 |    11 ||    97
       Punch             |     2 |     3 |    12 |     4 ||    21
Throw: Dart              |       |    31 |     7 |     3 ||    41
 Cast: Beastly Appendage |    16 |     2 |     4 |       ||    22
       Spider Form       |     1 |     7 |    21 |    20 ||    49
       Ice Form          |       |       |       |     2 ||     2
Invok: Call Merchant     |       |       |       |     1 ||     1
  Use: Scroll            |     3 |     6 |     9 |     5 ||    23
       Potion            |       |     1 |     2 |     1 ||     4
 Stab: Sleeping          |     3 |     7 |    17 |     9 ||    36
       Distracted        |       |     2 |     1 |     1 ||     4
Armor: Skin              |     4 |     5 |    12 |    10 ||    31
Dodge: Dodged            |    64 |   120 |   424 |   364 ||   972
Block: Buckler           |       |       |       |     3 ||     3

Table legend: (Time is in decaauts)
 A = Elapsed time spent in this place.
 B = Non-inter-level travel time spent in this place.
 C = Inter-level travel time spent in this place.
 D = Time resting spent in this place.
 E = Time spent auto-exploring this place.
 F = Levels seen in this place.
 G = Mean time per level.
                   A        B        C        D        E       F      G
               +--------+--------+--------+--------+--------+-----+--------+
         Total |  16194 |  15544 |    650 |   2489 |  10159 |  14 | 1156.7 |
       Dungeon |  14017 |  13398 |    619 |   1831 |   9121 |  10 | 1401.7 |
        Temple |     67 |     36 |     31 |      0 |     27 |   1 |   67.0 |
          Lair |      8 |      8 |      0 |      0 |      0 |   1 |    8.0 |
         Sewer |    614 |    614 |      0 |      0 |    419 |   1 |  614.0 |
       Ossuary |   1485 |   1485 |      0 |    658 |    592 |   1 | 1485.0 |
               +--------+--------+--------+--------+--------+-----+--------+

Top non-repeatable levels by time:
     D:7: 2039 daAuts
     D:3: 1991 daAuts
     D:1: 1770 daAuts
     D:4: 1665 daAuts
 Ossuary: 1485 daAuts
     D:2: 1265 daAuts
     D:6: 1248 daAuts
     D:8: 1155 daAuts
    D:10: 1136 daAuts
     D:5: 1122 daAuts
     D:9: 621 daAuts
   Sewer: 614 daAuts
  Temple: 67 daAuts
  Lair:1: 8 daAuts
